[Event "ICC tourney 2520 (60 10)"]
[Site "Internet Chess Club"]
[Date "2021.04.18"]
[Round "5"]
[White "SINGH, AKSHAT:akshatsingh475"]
[Black "PRAHLAD, ATMAN DEV:AtmanDev"]
[Result "1-0"]
[ICCResult "Black checkmated"]
[WhiteElo "623"]
[BlackElo "699"]
[Opening "Sicilian: Nimzovich-Rossolimo attack (without ...d6)"]
[ECO "B30"]
[NIC "SI.31"]
[Time "13:19:59"]
[PlyCount "75"]
[TimeControl "3600+10"]

1. e4 c5 2. Nf3 Nc6 3. Bb5 Qc7 4. Nc3 d6 5. O-O Nf6 6. Nd5 Qd8 7. Re1 Bd7
8. d3 Nxd5 9. exd5 Nb4 10. Bxd7+ Qxd7 11. c4 g6 12. Bd2 Nxd3 13. Re3 Nxb2
14. Qc2 Na4 15. Rae1 Bg7 16. Rxe7+ Qxe7 17. Rxe7+ Kxe7 18. Qxa4 Rhe8 19.
Qd1 Kf8 20. h3 Re7 21. Bf4 Rd8 22. Nh2 Rde8 23. Bxd6 Bc3 24. Bxc5 Kg7 25.
Bxe7 Rxe7 26. Nf3 g5 27. Qd3 Bb4 28. Qc2 Bd6 29. c5 Rd7 30. cxd6 Rxd6 31.
Qe4 h6 32. Qe5+ Rf6 33. d6 Kg6 34. d7 Rc6 35. d8=Q Rc1+ 36. Kh2 Rc2 37.
Qg8+ Kh5 38. g4# { Black checkmated } 1-0

[Event "ICC tourney 2520 (60 10)"]
[Site "Internet Chess Club"]
[Date "2021.04.18"]
[Round "5"]
[White "Mazur, Hudson:hmnyc"]
[Black "Tsuboyama, Devi:Sweetclover14"]
[Result "1-0"]
[ICCResult "Black checkmated"]
[WhiteElo "682"]
[BlackElo "515"]
[Opening "two knights defense"]
[ECO "C58"]
[NIC "KP.01"]
[Time "13:20:37"]
[PlyCount "93"]
[TimeControl "3600+10"]

1. e4 e5 2. Nf3 Nc6 3. Bc4 Nf6 4. Ng5 d5 5. exd5 Na5 6. Bb3 Bc5 7. O-O Bg4
8. Nf3 O-O 9. Nc3 e4 10. h3 Bh5 11. g4 Bg6 12. Nh4 Nxd5 13. Nxg6 hxg6 14.
Bxd5 c6 15. Bxe4 Qd6 16. d3 Bb6 17. Bf3 Bc7 18. Re1 Rfe8 19. Rxe8+ Rxe8 20.
Ne4 Qh2+ 21. Kf1 f5 22. Ng3 fxg4 23. Bxg4 Kh7 24. b3 g5 25. Bxg5 Bb6 26.
Qd2 Bd4 27. Re1 Rf8 28. Be3 Be5 29. Ne4 Bg3 30. Nxg3 Qxg3 31. Qxa5 b6 32.
Qxa7 c5 33. Qxb6 Rf6 34. Qxf6 gxf6 35. fxg3 f5 36. Bxf5+ Kh8 37. a4 Kg8 38.
a5 Kh8 39. a6 Kg8 40. a7 Kh8 41. a8=Q+ Kg7 42. Qa7+ Kf6 43. Bd2 Kxf5 44.
Qxc5+ Kg6 45. Re6+ Kg7 46. Qc7+ Kh8 47. Re8# { Black checkmated } 1-0

[Event "ICC tourney 2520 (60 10)"]
[Site "Internet Chess Club"]
[Date "2021.04.18"]
[Round "5"]
[White "SHEININ, MARK:marksheinin"]
[Black "AU, JINXIAN DENNIS:Brawlstars"]
[Result "1-0"]
[ICCResult "Black checkmated"]
[WhiteElo "748"]
[BlackElo "504"]
[Opening "Giuoco Piano"]
[ECO "C50"]
[NIC "IG.02"]
[Time "13:19:50"]
[PlyCount "147"]
[TimeControl "3600+10"]

1. e4 e5 2. Nf3 Nc6 3. Bc4 Bc5 4. O-O Nf6 5. Nc3 O-O 6. d3 h6 7. Re1 d6 8.
h3 Be6 9. Bxe6 fxe6 10. Be3 Bb6 11. Bxb6 axb6 12. d4 Re8 13. dxe5 dxe5 14.
Qxd8 Raxd8 15. Nb5 Rc8 16. Rad1 Nb4 17. Nxe5 Nxc2 18. Re2 Nb4 19. a3 Nc6
20. Nxc6 bxc6 21. Nd4 e5 22. Nxc6 Re6 23. Rc2 Nh5 24. Rd5 Rce8 25. g3 Nf6
26. Rd3 Nxe4 27. Nd8 Rd6 28. Rxd6 Nxd6 29. Nc6 e4 30. Re2 Re6 31. Nd4 Re8
32. f3 exf3 33. Rxe8+ Nxe8 34. Nxf3 Nd6 35. Nd4 c5 36. Nc6 Kf8 37. Ne5 Ke7
38. Nd3 Ke6 39. Kf2 Kd5 40. Ke2 c4 41. Nf4+ Kd4 42. Ne6+ Kd5 43. Nxg7 Ke5
44. Kd2 Kd5 45. Kc3 Ne4+ 46. Kb4 Nxg3 47. b3 cxb3 48. Kxb3 Kc5 49. Ne6+ Kd6
50. Nf4 Ke5 51. Nd3+ Kd4 52. Nf4 Ke4 53. Ne6 Kf5 54. Nc7 Ne4 55. Nd5 Nf2
56. Nxb6 Nxh3 57. a4 h5 58. a5 h4 59. a6 Ng1 60. a7 h3 61. a8=Q Kf4 62.
Qf8+ Kg3 63. Qg7+ Kf2 64. Qf6+ Nf3 65. Qb2+ Kg3 66. Nd5 h2 67. Qg7+ Kh3 68.
Qh6+ Nh4 69. Nf4+ Kg3 70. Ne2+ Kh3 71. Nf4+ Kg3 72. Qg5+ Kf2 73. Qxh4+ Kg1
74. Qe1# { Black checkmated } 1-0

[Event "ICC tourney 2520 (60 10)"]
[Site "Internet Chess Club"]
[Date "2021.04.18"]
[Round "5"]
[White "GOH, OLIVER:olivergps33"]
[Black "RIM, ARIANNA NAHRIM:Arianna0527"]
[Result "1-0"]
[ICCResult "Black checkmated"]
[WhiteElo "613"]
[BlackElo "359"]
[Opening "Four knights: Italian variation"]
[ECO "C47"]
[NIC "KP.06"]
[Time "13:19:48"]
[PlyCount "101"]
[TimeControl "3600+10"]

1. e4 e5 2. Nf3 Nc6 3. Nc3 Nf6 4. Bc4 Nxe4 5. Nxe4 d5 6. Bd3 dxe4 7. Bxe4
Bb4 8. Bxc6+ bxc6 9. Nxe5 Ba6 10. Nxc6 Qd6 11. Nxb4 Qxb4 12. Qf3 Rb8 13.
Qc6+ Kf8 14. f3 Qe7+ 15. Kf2 Qe2+ 16. Kg3 Qe5+ 17. f4 Qe2 18. Qxc7 Rc8 19.
Qxa7 Re8 20. Qc5+ Re7 21. Qf2 Re6 22. Qxe2 Bxe2 23. b3 Rg6+ 24. Kf2 Bh5 25.
Ba3+ Ke8 26. Rae1+ Kd8 27. Re7 Rf6 28. g3 Re8 29. Rxe8+ Kxe8 30. Re1+ Kd8
31. b4 Bg6 32. b5 Bxc2 33. Be7+ Kc8 34. Bxf6 gxf6 35. Rc1 Kd7 36. Rxc2 Ke6
37. b6 Kd7 38. b7 Kd6 39. b8=Q+ Ke7 40. Qb6 Kf8 41. Rc3 Kg7 42. Rc5 Kg6 43.
Qb1+ Kg7 44. g4 Kg8 45. g5 fxg5 46. fxg5 Kg7 47. Qb2+ Kg6 48. Qf6+ Kh5 49.
Qh6+ Kg4 50. h3+ Kf4 51. Qh4# { Black checkmated } 1-0

[Event "ICC tourney 2520 (60 10)"]
[Site "Internet Chess Club"]
[Date "2021.04.18"]
[Round "5"]
[White "WARREN, MICHAEL C:c30mw"]
[Black "ALAGAPPAN, MUTHU KUMARAN:MKAL2012"]
[Result "0-1"]
[ICCResult "White checkmated"]
[WhiteElo "264"]
[BlackElo "791"]
[Opening "Sicilian: closed, 2...Nc6"]
[ECO "B23"]
[NIC "SI.44"]
[Time "13:19:46"]
[PlyCount "114"]
[TimeControl "3600+10"]

1. e4 c5 2. Nc3 Nc6 3. Bc4 e5 4. Nf3 Nf6 5. O-O Be7 6. d3 d6 7. Re1 O-O 8.
h3 b6 9. Bg5 Bb7 10. Nd5 Nxd5 11. Bxe7 Ndxe7 12. Re3 a6 13. a3 b5 14. Ba2
Ng6 15. Nd2 Nd4 16. Qh5 Nxc2 17. Rae1 Nxe1 18. Rxe1 d5 19. exd5 Bxd5 20.
Bxd5 Qxd5 21. Re3 Qa2 22. Rg3 Qxb2 23. Nf3 Rfe8 24. Ng5 h6 25. Ne4 c4 26.
Nd6 Red8 27. Nb7 c3 28. Nxd8 Rxd8 29. Qd1 c2 30. Qd2 c1=Q+ 31. Qxc1 Qxc1+
32. Kh2 e4 33. dxe4 Rd1 34. Re3 Rh1+ 35. Kg3 Qc7+ 36. Kf3 Ne5+ 37. Kg3 Nc4+
38. Kf3 Nxe3 39. Kxe3 Qc3+ 40. Kf4 g5+ 41. Kf5 Qc8+ 42. Ke5 Re1 43. f4 Qe8+
44. Kd5 Qxe4+ 45. Kc5 Rc1+ 46. Kb6 Qc6+ 47. Ka5 Ra1 48. Kb4 Qc4+ 49. Ka5
Rxa3+ 50. Kb6 Kf8 51. g4 Ke8 52. fxg5 hxg5 53. Ka7 Qc5+ 54. Kb7 Kd7 55. Ka8
Qc8+ 56. Ka7 Kc7 57. h4 Qb8# { White checkmated } 0-1

[Event "ICC tourney 2520 (60 10)"]
[Site "Internet Chess Club"]
[Date "2021.04.18"]
[Round "5"]
[White "VASHISHT, ANEESH:aneeshgm2013"]
[Black "ALBANO, MILES:MrAnalysis"]
[Result "0-1"]
[ICCResult "White checkmated"]
[WhiteElo "698"]
[BlackElo "623"]
[Opening "Réti opening"]
[ECO "A04"]
[NIC "QP.11"]
[Time "13:19:48"]
[PlyCount "98"]
[TimeControl "3600+10"]

1. Nf3 Nc6 2. g3 e5 3. Nc3 Nf6 4. Bg2 Bb4 5. a3 Bxc3 6. bxc3 O-O 7. O-O d5
8. h3 Bf5 9. d3 Qd7 10. g4 e4 11. Nh4 Bg6 12. Nxg6 fxg6 13. Bg5 exd3 14.
cxd3 Ne5 15. d4 Nf7 16. Bxf6 gxf6 17. e4 c6 18. exd5 cxd5 19. Rb1 b6 20. c4
dxc4 21. Bxa8 Rxa8 22. Qf3 Rc8 23. Qxf6 c3 24. Ra1 c2 25. Qf3 Rc6 26. d5
Rc5 27. Rac1 Ne5 28. Qe3 Qxd5 29. Qe2 Nf3+ 30. Kh1 Nd4+ 31. Kg1 Nxe2+ 32.
Kh2 Qe5+ 33. Kh1 Ng3+ 34. Kg2 Nxf1 35. Kxf1 Qh2 36. Ke2 Qf4 37. Rf1 Re5+
38. Kd3 c1=N+ 39. Kc2 Qc4+ 40. Kd2 Rd5+ 41. Ke3 Qd4+ 42. Kf3 Qd3+ 43. Kg2
Rd4 44. Rxc1 Qe4+ 45. Kf1 Qf3 46. Rc8+ Kf7 47. Rc7+ Ke6 48. Rxa7 Re4 49.
Ra8 Qh1# { White checkmated } 0-1

[Event "ICC tourney 2520 (60 10)"]
[Site "Internet Chess Club"]
[Date "2021.04.18"]
[Round "5"]
[White "Voukadinov, Gary:GaryVouka"]
[Black "Zinder, Eyden:EydenZ"]
[Result "1-0"]
[ICCResult "Black checkmated"]
[WhiteElo "563"]
[BlackElo "647"]
[Opening "Ruy Lopez: exchange, Keres variation"]
[ECO "C68"]
[NIC "RL.08"]
[Time "13:20:07"]
[PlyCount "51"]
[TimeControl "3600+10"]

1. e4 e5 2. Nf3 Nc6 3. Bb5 a6 4. Bxc6 dxc6 5. Nc3 Bc5 6. d3 Nf6 7. O-O Bg4
8. Bg5 h6 9. Bh4 Qe7 10. Bg3 O-O-O 11. Bxe5 g5 12. h3 Be6 13. a3 Rh7 14. b4
Ba7 15. d4 Rdh8 16. Ne1 Bc4 17. d5 Bxf1 18. Kxf1 cxd5 19. exd5 Qxe5 20. Nd3
Qxc3 21. d6 Qd4 22. dxc7 h5 23. f3 Re8 24. Nc5 Qc4+ 25. Kg1 Nd7 26. Qxd7# {
Black checkmated } 1-0

[Event "ICC tourney 2520 (60 10)"]
[Site "Internet Chess Club"]
[Date "2021.04.18"]
[Round "5"]
[White "TARDIEU, NICOLAS:ToughWinner"]
[Black "WANG, ARSTON:randomplayer533"]
[Result "0-1"]
[ICCResult "White checkmated"]
[WhiteElo "568"]
[BlackElo "757"]
[Opening "Ruy Lopez: old Steinitz defense"]
[ECO "C62"]
[NIC "RL.02"]
[Time "13:23:27"]
[PlyCount "80"]
[TimeControl "3600+10"]

1. e4 e5 2. Nf3 Nc6 3. Bb5 d6 4. Nc3 Bd7 5. d3 a6 6. Bc4 b5 7. Bb3 Na5 8.
Bg5 f6 9. Bh4 Ne7 10. Nd5 Nxd5 11. Bxd5 c6 12. Bb3 Nxb3 13. axb3 Be7 14. c4
O-O 15. cxb5 axb5 16. Rxa8 Qxa8 17. O-O Re8 18. d4 exd4 19. Qxd4 Bg4 20. e5
Bxf3 21. gxf3 fxe5 22. Qg4 Bxh4 23. Qxh4 d5 24. Qb4 Re6 25. Re1 Rg6+ 26.
Kh1 Qd8 27. Rxe5 d4 28. Re1 d3 29. Rd1 Re6 30. Qc3 Rd6 31. Kg1 Qg5+ 32. Kf1
Qf5 33. Kg2 Rg6+ 34. Kf1 Rd6 35. Kg2 Rg6+ 36. Kf1 Qh3+ 37. Ke1 Rg1+ 38. Kd2
Qh6+ 39. Kxd3 Rxd1+ 40. Kc2 Qc1# { White checkmated } 0-1

[Event "ICC tourney 2520 (60 10)"]
[Site "Internet Chess Club"]
[Date "2021.04.18"]
[Round "5"]
[White "GOLDSAND, MAX:MaxGR"]
[Black "AGARAM, VAISHNAVI:Vagaram"]
[Result "1-0"]
[ICCResult "Black checkmated"]
[WhiteElo "654"]
[BlackElo "609"]
[Opening "Ruy Lopez: Berlin defense, Beverwijk variation"]
[ECO "C64"]
[NIC "RL.01"]
[Time "13:19:55"]
[PlyCount "115"]
[TimeControl "3600+10"]

1. e4 e5 2. Nf3 Nc6 3. Bb5 Bc5 4. O-O Nf6 5. Nc3 d6 6. d3 O-O 7. Be3 Bb6 8.
Bg5 Qe7 9. Nd5 Qe6 10. Nxf6+ Kh8 11. Nd5 Nd4 12. Nxd4 exd4 13. Nxb6 axb6
14. Bc4 Qg6 15. Bf4 Bh3 16. Bg3 Bg4 17. f3 Bd7 18. a3 c6 19. Qd2 d5 20.
exd5 cxd5 21. Bxd5 Ra5 22. Bb3 Rh5 23. Rae1 Rh6 24. Bd5 Qh5 25. Re4 Qxd5
26. b3 Re8 27. Rxe8+ Bxe8 28. Re1 Qd8 29. Bc7 Qc8 30. Bxb6 Rg6 31. Bxd4 h6
32. Qc3 Qf5 33. Rxe8+ Kh7 34. Re3 Qg5 35. Qd2 b5 36. Re2 Qh5 37. Rf2 Qd5
38. Be3 Rf6 39. c4 bxc4 40. dxc4 Qe5 41. Bd4 Qd6 42. Bxf6 Qxf6 43. Rf1 Qb6+
44. Kh1 Qxb3 45. Qc1 Qd3 46. Qb1 Qxb1 47. Rxb1 f6 48. c5 g5 49. a4 Kg7 50.
Rd1 Kf7 51. c6 Ke6 52. c7 Kf7 53. c8=Q Kg6 54. Qg8+ Kh5 55. g4+ Kh4 56. Qa2
h5 57. Qf2+ Kh3 58. Qg3# { Black checkmated } 1-0

[Event "ICC tourney 2520 (60 10)"]
[Site "Internet Chess Club"]
[Date "2021.04.18"]
[Round "5"]
[White "KLIPER, ARIEL:ArKliper"]
[Black "CHANG, PARKER:parkercps33"]
[Result "0-1"]
[ICCResult "White checkmated"]
[WhiteElo "606"]
[BlackElo "332"]
[Opening "Sicilian: closed, 2...Nc6"]
[ECO "B23"]
[NIC "SI.44"]
[Time "13:20:37"]
[PlyCount "102"]
[TimeControl "3600+10"]

1. e4 c5 2. Nc3 Nc6 3. Bc4 Nf6 4. Nf3 d6 5. Ng5 e6 6. d3 Be7 7. Bb5 Bd7 8.
O-O Kf8 9. e5 dxe5 10. Bxc6 bxc6 11. Be3 g6 12. Na4 Qa5 13. b3 Kg7 14. Ne4
Nxe4 15. dxe4 Rhf8 16. Qd2 Qxd2 17. Bxd2 Kg8 18. Bh6 Rfb8 19. Rfd1 Rb7 20.
Bg5 Bxg5 21. Nxc5 Rc7 22. Nxd7 Rd8 23. Nxe5 Rb8 24. Rd7 Rcc8 25. Rxa7 c5
26. Rxf7 Rb4 27. Nd3 Rxe4 28. Rf3 Rd8 29. Nxc5 Red4 30. Nd3 R4d5 31. h3 e5
32. Re1 Re8 33. Nxe5 Bd2 34. Re2 Bb4 35. Re1 Bxe1 36. Ng4 Rd1 37. Nf6+ Kf8
38. Nxe8+ Kxe8 39. Re3+ Kd7 40. g3 Bd2+ 41. Kg2 Bxe3 42. fxe3 Rd2+ 43. Kf3
Rxc2 44. g4 Rxa2 45. h4 Ra3 46. Kf4 Rxb3 47. h5 Ke6 48. Kg5 Kf7 49. hxg6+
hxg6 50. Kh6 Rxe3 51. g5 Rh3# { White checkmated } 0-1

[Event "ICC tourney 2520 (60 10)"]
[Site "Internet Chess Club"]
[Date "2021.04.18"]
[Round "5"]
[White "Sun, Aiden:aiden0613"]
[Black "MUREN, MILES W:GryffindorChess"]
[Result "1-0"]
[ICCResult "Black resigns"]
[WhiteElo "722"]
[BlackElo "626"]
[Opening "Scandinavian defense"]
[ECO "B01"]
[NIC "SD.03"]
[Time "13:19:44"]
[PlyCount "175"]
[TimeControl "3600+10"]

1. e4 d5 2. exd5 Nf6 3. Nc3 Nxd5 4. Nf3 e6 5. d4 Bb4 6. Bd2 Bxc3 7. bxc3 h6
8. g3 a6 9. Bg2 O-O 10. O-O Nc6 11. Nh4 Nf6 12. Qe2 Bd7 13. Rab1 Qc8 14.
Rb2 b6 15. Rbb1 Rb8 16. Rb2 Ne7 17. Re1 Ng6 18. Nf3 Bc6 19. Ne5 Nxe5 20.
dxe5 Nd5 21. c4 Ne7 22. Reb1 Bxg2 23. Kxg2 Qb7+ 24. Kg1 Rfd8 25. c5 b5 26.
a4 Qc6 27. Qe3 Nd5 28. Qf3 Qxc5 29. Qg4 Qf8 30. axb5 Rxb5 31. Rxb5 axb5 32.
Rxb5 Re8 33. Bxh6 f6 34. exf6 Nxf6 35. Qg6 Qf7 36. Qxf7+ Kxf7 37. Be3 c6
38. Rc5 Rc8 39. f3 Nd5 40. Kf2 Nxe3 41. Kxe3 Ke7 42. Ke4 Kd6 43. Kd4 Rh8
44. h4 Rf8 45. f4 Rf5 46. Rxf5 exf5 47. c4 c5+ 48. Ke3 Kc6 49. Kf3 Kb6 50.
g4 fxg4+ 51. Kxg4 Ka5 52. Kg5 Kb4 53. Kg6 Kxc4 54. Kxg7 Kd4 55. h5 c4 56.
h6 c3 57. h7 c2 58. h8=Q c1=Q 59. Kg6+ Ke4 60. Qe5+ Kf3 61. Qd5+ Ke3 62. f5
Qg1+ 63. Kf6 Kf4 64. Qe5+ Kf3 65. Qc3+ Ke4 66. Qc2+ Kf4 67. Qc4+ Kf3 68.
Ke5 Qg7+ 69. f6 Qg5+ 70. Ke6 Qg8+ 71. f7 Qg6+ 72. Ke7 Qg5+ 73. Ke8 Qe5+ 74.
Kf8 Qh8+ 75. Ke7 Qe5+ 76. Qe6 Qc5+ 77. Kf6 Qd4+ 78. Ke7 Qc5+ 79. Ke8 Qb5+
80. Qd7 Qe5+ 81. Kf8 Qc5+ 82. Qe7 Qc8+ 83. Kg7 Qg4+ 84. Kf6 Qf4+ 85. Kg6
Qg4+ 86. Qg5 Qe6+ 87. Qf6+ Qxf6+ 88. Kxf6 { Black resigns } 1-0

[Event "ICC tourney 2520 (60 10)"]
[Site "Internet Chess Club"]
[Date "2021.04.18"]
[Round "5"]
[White "MOGHE, ARJUN CHAITANYA:Galactico7"]
[Black "CHU, ELIAS:Checkmate065"]
[Result "1/2-1/2"]
[ICCResult "Black stalemated"]
[WhiteElo "340"]
[BlackElo "761"]
[Opening "Scotch gambit"]
[ECO "C44"]
[NIC "SO.06"]
[Time "13:20:05"]
[PlyCount "159"]
[TimeControl "3600+10"]

1. e4 e5 2. Nf3 Nc6 3. d4 exd4 4. Bc4 Bc5 5. Ng5 d5 6. exd5 Na5 7. Bd3 Qe7+
8. Qe2 Qxe2+ 9. Bxe2 Nf6 10. a3 O-O 11. b4 d3 12. cxd3 Nb3 13. bxc5 Nxa1
14. Bd1 Nxd5 15. Bb2 Bf5 16. Bxa1 Rfe8+ 17. Kd2 Nf4 18. Bb3 Re2+ 19. Kd1
Bxd3 20. Nd2 Rxf2 21. Nxf7 Rxg2 22. Ne5+ Kh8 23. Nf7+ Kg8 24. Ne5+ Kf8 25.
Nxd3 Nxd3 26. Rf1+ Rf2 27. Rg1 g6 28. Bc2 Nxc5 29. Bd4 Rxh2 30. Bxc5+ Ke8
31. Rf1 Kd7 32. Bb4 Re8 33. Rf7+ Kd8 34. Ba4 Rg8 35. Rd7+ Kc8 36. Rd3 g5
37. Bd7+ Kb8 38. Be6 Rh8 39. Bc3 Re8 40. Bd7 Rd8 41. Bf6 Rg8 42. Be6 Rh1+
43. Kc2 Rf8 44. Bg7 Re8 45. Bf7 Rc8 46. Be6 Re8 47. Bf7 Rc8 48. Be6 Re8 49.
Bf7 Rc8 50. Be6 Re8 51. Bf7 Rc8 52. Be6 Re8 53. Bf7 Rc8 54. Be6 Re8 55. Bf7
Rc8 56. Be6 Re8 57. Bd7 Rd8 58. Bf6 Rf8 59. Bxg5 h5 60. Rb3 h4 61. Bc6 b6
62. Bxh1 h3 63. Rxh3 Kc8 64. Bc6 Kb8 65. Rd3 Kc8 66. Kc3 Kb8 67. Rd8+ Rxd8
68. Bxd8 Kc8 69. Be7 a5 70. Kc4 Kb8 71. Kb5 Kc8 72. Ne4 Kb8 73. Kc4 Kc8 74.
Nc3 Kb8 75. Kb5 Kc8 76. Ka6 Kb8 77. Nb5 Kc8 78. a4 Kb8 79. Bd8 Kc8 80. Bxc7
{ Black stalemated } 1/2-1/2

[Event "ICC tourney 2520 (60 10)"]
[Site "Internet Chess Club"]
[Date "2021.04.18"]
[Round "5"]
[White "KANG, LAUREN SEYIN:earlcat"]
[Black "SHRESTHA, AYAN:knight-vision"]
[Result "0-1"]
[ICCResult "White checkmated"]
[WhiteElo "409"]
[BlackElo "283"]
[Opening "Four knights: Scotch variation"]
[ECO "C44"]
[NIC "SO.01"]
[Time "13:20:00"]
[PlyCount "70"]
[TimeControl "3600+10"]

1. e4 e5 2. Nf3 Nc6 3. d4 Nf6 4. Nc3 Bb4 5. Bd2 d6 6. Be2 Bg4 7. O-O O-O 8.
d5 Bxc3 9. Bxc3 Ne7 10. Nd2 Qc8 11. Bxg4 Nxg4 12. h3 Nf6 13. Qe2 c6 14.
dxc6 bxc6 15. Nb3 Ng6 16. Rad1 Ne8 17. Bb4 Qe6 18. Rd3 Nf4 19. Qe3 Qg6 20.
g3 Nxh3+ 21. Kh2 Qh5 22. Kg2 Ng5 23. Re1 Rb8 24. Qe2 Qh3+ 25. Kg1 Rxb4 26.
Qe3 f6 27. Qxa7 Nxe4 28. Rde3 Rf7 29. Qa5 Rb5 30. Qa4 f5 31. Qa6 d5 32.
Qxc6 Rb8 33. Qxd5 Rb6 34. Rb1 Rh6 35. Nd2 Qh1# { White checkmated } 0-1

[Event "ICC tourney 2520 (60 10)"]
[Site "Internet Chess Club"]
[Date "2021.04.18"]
[Round "5"]
[White "LEUNG, OLIVIA:OliviaL"]
[Black "FLEISCHAUER, LEO:LeoFps130"]
[Result "0-1"]
[ICCResult "White checkmated"]
[WhiteElo "458"]
[BlackElo "607"]
[Opening "French defense"]
[ECO "C00"]
[NIC "FR.01"]
[Time "13:20:18"]
[PlyCount "130"]
[TimeControl "3600+10"]

1. e4 e6 2. Nf3 d5 3. exd5 exd5 4. Bb5+ Bd7 5. O-O Bd6 6. Bxd7+ Nxd7 7. d3
Ngf6 8. Bg5 O-O 9. Nc3 c6 10. Re1 Re8 11. Rxe8+ Qxe8 12. Bxf6 Nxf6 13. h3
Qd7 14. Qe2 Re8 15. Qd2 Qc7 16. Re1 Rxe1+ 17. Nxe1 Qb6 18. Nd1 h6 19. Qe3
Qxe3 20. Nxe3 Be5 21. Nf5 Bxb2 22. Ne7+ Kf8 23. Nc8 a5 24. Nd6 b5 25. Kf1
b4 26. Ke2 c5 27. Kd2 Nd7 28. Nb5 c4 29. dxc4 dxc4 30. f4 a4 31. c3 b3 32.
axb3 cxb3 33. Kd3 a3 34. Nxa3 Bxa3 35. c4 b2 36. Kc2 Ke7 37. Nd3 Kf6 38. g3
Kf5 39. Nxb2 Bxb2 40. Kxb2 Ke4 41. Kc3 Kf3 42. Kd4 Kxg3 43. c5 Nxc5 44.
Kxc5 Kxf4 45. Kd4 Kg3 46. h4 Kxh4 47. Ke3 Kg3 48. Ke2 Kg2 49. Ke1 h5 50.
Ke2 h4 51. Ke3 h3 52. Ke4 h2 53. Kd4 h1=Q 54. Ke5 Qf1 55. Ke4 Qf6 56. Kd5
Qe7 57. Kc6 Qd8 58. Kb7 Qd6 59. Kc8 Qe7 60. Kb8 Qd7 61. Ka8 Kf3 62. Kb8 Ke4
63. Ka8 Kd5 64. Kb8 Kc6 65. Ka8 Qb7# { White checkmated } 0-1

[Event "ICC tourney 2520 (60 10)"]
[Site "Internet Chess Club"]
[Date "2021.04.18"]
[Round "5"]
[White "Pearlman, Russell:russellpearlman"]
[Black "ROBINSON, LEO:LeoRps130"]
[Result "0-1"]
[ICCResult "White checkmated"]
[WhiteElo "178"]
[BlackElo "335"]
[Opening "Konstantinopolsky opening"]
[ECO "C44"]
[NIC "KP.10"]
[Time "13:23:44"]
[PlyCount "72"]
[TimeControl "3600+10"]

1. e4 e5 2. Nf3 Nc6 3. g3 Nf6 4. Nc3 Bb4 5. Qe2 Bxc3 6. dxc3 O-O 7. Bg2 h6
8. O-O d6 9. h3 Be6 10. Be3 Qe7 11. Rad1 Rad8 12. b4 a6 13. c4 Nxb4 14. a3
Nc6 15. Rb1 b6 16. c5 dxc5 17. Qxa6 Ra8 18. Qb7 Qd6 19. Rbd1 Rfb8 20. Rxd6
Rxb7 21. Rxc6 Rxa3 22. Rd1 Rb8 23. Rxc7 Nh5 24. Rd6 Nxg3 25. fxg3 Rxe3 26.
Kf2 Rc3 27. Rd2 Ra8 28. Bf1 Ra2 29. Rd8+ Kh7 30. Nxe5 Raxc2+ 31. Kg1 Rxg3+
32. Kh1 Bxh3 33. Bxh3 Rxh3+ 34. Kg1 Ra3 35. Nxf7 Ra1+ 36. Rd1 Rxd1# { White
checkmated } 0-1

[Event "ICC tourney 2520 (60 10)"]
[Site "Internet Chess Club"]
[Date "2021.04.18"]
[Round "5"]
[White "HARTSEL, AUGUST:augustha"]
[Black "AHARONIAN, ANDRE:Andre2011"]
[Result "1-0"]
[ICCResult "Black resigns"]
[WhiteElo "670"]
[BlackElo "716"]
[Opening "English: Sicilian reversed"]
[ECO "A25"]
[NIC "EO.20"]
[Time "13:20:13"]
[PlyCount "106"]
[TimeControl "3600+10"]

1. c4 e5 2. Nc3 Nc6 3. g3 Bb4 4. Bg2 Bxc3 5. bxc3 d6 6. Ba3 Nf6 7. c5 O-O
8. cxd6 cxd6 9. Nf3 Be6 10. O-O h6 11. Qc2 Qd7 12. Rab1 Rab8 13. Rb2 Na5
14. d3 b6 15. c4 Rfc8 16. Rc1 Bxc4 17. dxc4 Nxc4 18. Qxc4 Rxc4 19. Rxc4 Rc8
20. Rxc8+ Qxc8 21. Rd2 Qc3 22. Bxd6 Ne4 23. Rd1 Qc2 24. Rd3 Qc1+ 25. Bf1
Qc6 26. Bxe5 Qc5 27. Bd4 Qc2 28. Re3 Nd6 29. Ra3 Nb5 30. Ra6 Qc4 31. Bxb6
Nc3 32. Rxa7 Qc6 33. Bd4 Nb5 34. Re7 Qd6 35. Re8+ Kh7 36. Re4 f5 37. Rf4 g5
38. Rxf5 Nxd4 39. Nxd4 Qxd4 40. Ra5 Qd2 41. Ra7+ Kg8 42. a4 Qd4 43. Ra8+
Kf7 44. a5 Qd5 45. Ra7+ Ke8 46. a6 Qc5 47. Ra8+ Kd7 48. a7 Qc6 49. Bg2 Qc1+
50. Bf1 Qc6 51. Bh3+ Kc7 52. Rc8+ Kb7 53. Rxc6 Kxa7 { Black resigns } 1-0

[Event "ICC tourney 2520 (60 10)"]
[Site "Internet Chess Club"]
[Date "2021.04.18"]
[Round "5"]
[White "CARROLL, MAX Isaac:MaxCarroll"]
[Black "RYSIN, MARK G:LionsMarkR"]
[Result "1-0"]
[ICCResult "Black checkmated"]
[WhiteElo "477"]
[BlackElo "795"]
[Opening "Four knights: Spanish, classical defense"]
[ECO "C48"]
[NIC "KP.03"]
[Time "13:19:46"]
[PlyCount "121"]
[TimeControl "3600+10"]

1. e4 e5 2. Nf3 Nf6 3. Nc3 Nc6 4. Bb5 Bc5 5. d3 Ng4 6. O-O O-O 7. b3 d6 8.
Bb2 Nf6 9. Nd5 Nxd5 10. exd5 Ne7 11. c4 a6 12. Ba4 b5 13. cxb5 axb5 14.
Bxb5 Nxd5 15. Bc6 Nb6 16. Bxa8 Nxa8 17. d4 Ba6 18. dxc5 Bxf1 19. Qxf1 Re8
20. cxd6 cxd6 21. Rd1 Qa5 22. a4 Nb6 23. Rxd6 h6 24. Qb5 Qxb5 25. axb5 Rb8
26. g3 f6 27. Kf1 Kf7 28. Ke2 Ke7 29. Ba3 Kf7 30. Bc5 Nc8 31. Rc6 Ke8 32.
Kd3 Kd7 33. Kc4 Ne7 34. Bxe7 Kxe7 35. Kc5 Kd7 36. b6 Rb7 37. Rc7+ Rxc7+ 38.
bxc7 Kxc7 39. b4 g5 40. b5 g4 41. Nd2 f5 42. b6+ Kb7 43. Kb5 h5 44. h4 gxh3
45. Nf1 f4 46. gxf4 exf4 47. Nh2 Kc8 48. Kc6 Kb8 49. b7 h4 50. Nf3 h2 51.
Nxh2 h3 52. Nf3 h2 53. Nxh2 f3 54. Nxf3 Ka7 55. Kc7 Ka6 56. b8=Q Ka5 57.
Kc6 Ka4 58. Kc5 Ka3 59. Kc4 Ka2 60. Kc3 Ka1 61. Qb2# { Black checkmated }
1-0

[Event "ICC tourney 2520 (60 10)"]
[Site "Internet Chess Club"]
[Date "2021.04.18"]
[Round "5"]
[White "CAO, ELIZABETH YEHENG:LizCao"]
[Black "DUARTE, ERIC:Erick2020"]
[Result "0-1"]
[ICCResult "White checkmated"]
[WhiteElo "371"]
[BlackElo "552"]
[Opening "Sicilian defense"]
[ECO "B30"]
[NIC "SI.31"]
[Time "13:20:37"]
[PlyCount "246"]
[TimeControl "3600+10"]

1. e4 c5 2. Nf3 Nc6 3. Bc4 Nf6 4. Ng5 e6 5. O-O Bd6 6. Nc3 O-O 7. d3 h6 8.
Nf3 Bc7 9. Be3 d6 10. Qd2 Ba5 11. Qe1 Qb6 12. Rd1 Qxb2 13. Bd2 Re8 14. Rc1
Bxc3 15. Bxc3 Qb6 16. Nd2 d5 17. exd5 exd5 18. Qd1 dxc4 19. Nxc4 Qd8 20.
Qf3 Bg4 21. Qg3 Re6 22. Bxf6 Qxf6 23. Qxg4 Rae8 24. Qd1 Qe7 25. g3 Qf6 26.
Rb1 Nd8 27. Qg4 Qe7 28. Qd1 g6 29. Ra1 Nc6 30. Rb1 Qd7 31. Qd2 Kg7 32. Qc3+
Kh7 33. Qd2 R8e7 34. Qf4 Qe8 35. Qc1 Nd4 36. Kg2 Qc6+ 37. f3 Ne2 38. Qd1
Nc3 39. Qc1 Nxb1 40. Qxb1 Re2+ 41. Kg1 Qe8 42. Nd6 Qd7 43. Nc4 R7e6 44. Kh1
Qe8 45. Kg1 Re1 46. Qxb7 Rxf1+ 47. Kxf1 Re1+ 48. Kg2 Qe2+ 49. Kh3 Qe6+ 50.
Kh4 g5+ 51. Kh5 Qg6+ 52. Kg4 h5+ 53. Kh3 Qe6+ 54. Kg2 Qe2+ 55. Kh3 g4+ 56.
Kh4 Qxh2+ 57. Kg5 Kg7 58. Qd5 f6+ 59. Kf5 Qxg3 60. Qd7+ Kh6 61. Kxf6 Qh4+
62. Kf7 Re7+ 63. Qxe7 Qxe7+ 64. Kxe7 g3 65. Ne3 h4 66. Nf5+ Kg5 67. Ne3 Kf4
68. Ng2+ Kxf3 69. Nxh4+ Kg4 70. Ng2 Kh3 71. Nf4+ Kg4 72. Ng2 Kf3 73. Nh4+
Kg4 74. Ng2 Kh3 75. Nf4+ Kg4 76. Ne6 g2 77. Nxc5 g1=Q 78. Nb3 Qe1+ 79. Kd6
Qc3 80. Nc5 Qxc2 81. a4 a6 82. Nxa6 Qxa4 83. Nc5 Qd4+ 84. Kc6 Qf6+ 85. Kd5
Kf4 86. Nb3 Qe5+ 87. Kc4 Ke3 88. d4 Qe6+ 89. d5 Qe4+ 90. Kc5 Qc2+ 91. Kb4
Ke4 92. d6 Qc8 93. Nd2+ Kd5 94. Kb3 Kxd6 95. Ne4+ Ke5 96. Nc3 Kd4 97. Nb5+
Ke3 98. Nd6 Qc6 99. Nc4+ Ke4 100. Nd2+ Kf5 101. Nc4 Qd5 102. Kc3 Qc5 103.
Kb3 Qd5 104. Kc3 Ke4 105. Kb3 Qd3+ 106. Kb4 Kd5 107. Nb6+ Kc6 108. Nc4 Qb1+
109. Kc3 Kc5 110. Ne3 Qb4+ 111. Kd3 Qd4+ 112. Ke2 Qe4 113. Kf2 Kd4 114. Ng2
Kd3 115. Ne1+ Kd2 116. Nf3+ Kd3 117. Kg3 Ke3 118. Ng5 Qf4+ 119. Kh3 Qxg5
120. Kh2 Qg4 121. Kh1 Kf3 122. Kh2 Kf2 123. Kh1 Qg2# { White checkmated }
0-1